 Dungeon Crawl Stone Soup version 0.24-a0-429-g4608c8fa30 (webtiles) character file.

Game seed: 14180271874233464700

456 alrianne the Grave Robber (level 6, -1/41 HPs)
             Began as a Demonspawn Necromancer on June 13, 2019.
             Slain by a hornet zombie (5 damage)
             ... on level 6 of the Dungeon.
             The game lasted 00:22:08 (3921 turns).

alrianne the Grave Robber (Demonspawn Necromancer)  Turns: 3921, Time: 00:22:09

Health: -1/41      AC:  7    Str:  8    XL:     6   Next: 77%
Magic:  0/11       EV: 13    Int: 18    God:
Gold:   162        SH:  0    Dex: 14    Spells: 3/11 levels left

rFire    . . .     SeeInvis .   d - +0 whip
rCold    . . .     Gourm    .   (no shield)
rNeg     . . .     Faith    .   a - +0 robe
rPois    .         Spirit   +   j - +0 helmet (curse)
rElec    .         Reflect  .   k - scarf {repulsion}
rCorr    .         Harm     .   g - +0 pair of gloves
MR       .....                  (no boots)
Stlth    ++........             i - amulet of magic regeneration
HPRegen  0.13/turn              e - ring of wizardry {Wiz+, !d}
MPRegen  0.37/turn              (no ring)

@: repel missiles
A: hooves 1, thin metallic scales 2, demonic guardian 1, magic shield
a: no special abilities


You were on level 6 of the Dungeon.
You were very hungry.

You visited 1 branch of the dungeon, and saw 4 of its levels.

You collected 162 gold pieces.

Inventory:

Hand Weapons
 d - a +0 whip (weapon)
   (You found it on level 1 of the Dungeon)
Armour
 a - a +0 robe (worn)
 g - a +0 pair of gloves (worn)
   (You found it on level 1 of the Dungeon)
 j - a cursed +0 helmet (worn)
   (You found it on level 2 of the Dungeon)
 k - a scarf of repulsion (worn)
   (You found it on level 2 of the Dungeon)
Jewellery
 e - a ring of wizardry (left hand) {Wiz+, !d}
   (You found it on level 1 of the Dungeon)
 i - an amulet of magic regeneration (around neck)
   (You found it on level 2 of the Dungeon)
 n - a +1 ring of evasion {unknown}
   (You found it on level 6 of the Dungeon)
Scrolls
 m - 2 scrolls of magic mapping {!r}
 p - 2 scrolls of immolation {!r}
Potions
 b - a potion of cancellation {unknown}
 f - a potion of agility {unknown}
 h - 3 potions of heal wounds {unknown}
 l - a potion of brilliance {unknown}
 o - 3 potions of curing
Comestibles
 c - 10 rations


   Skills:
 + Level 3.3 Dodging
 + Level 3.5 Stealth
 + Level 3.4 Spellcasting
 * Level 6.6 Necromancy


You had 3 spell levels left.
You knew the following spells:

 Your Spells              Type           Power        Failure   Level  Hunger
a - Pain                  Necr           ####         1%          1    None
r - Regeneration          Chrm/Necr      ###.......   4%          3    ###....
x - Vampiric Draining     Necr           ####......   1%          3    ###....
A - Animate Skeleton      Necr           N/A          1%          1    None

Your spell library contained the following spells:

 Spells                   Type           Power        Failure   Level  Hunger
 Animate Dead             Necr           N/A          4%          4    ####...


Dungeon Overview and Level Annotations

Branches:
Dungeon (3/15)

Altars:

Shops:
D:6 !


Innate Abilities, Weirdness & Mutations

You have large cloven feet.
You are mostly covered in thin metallic scales. (AC +3)
A weak demonic guardian rushes to your aid.
When hurt, damage is shared between your health and your magic reserves.


Message History

You barely miss the hornet zombie.
Your quasit bites the hornet zombie but does no damage.
Your quasit claws the hornet zombie but does no damage.
Your quasit barely misses the hornet zombie.
The hornet zombie hits you but does no damage.
Your quasit barely misses the hornet zombie.
Your quasit claws the hornet zombie but does no damage.
Your quasit claws the hornet zombie.
Your quasit barely misses the hornet zombie.
Your quasit claws the hornet zombie.
Your quasit closely misses the hornet zombie.
The hornet zombie hits you.
You take 3 damage, and have 24/41 hp.
You hit the hornet zombie. You kick the hornet zombie.
Your quasit disappears in a puff of smoke!
Your quasit bites the hornet zombie but does no damage.
Your quasit claws the hornet zombie but does no damage. x2
The hornet zombie hits you but does no damage.
Your quasit bites the hornet zombie but does no damage.
Your quasit claws the hornet zombie.
Your quasit claws the hornet zombie but does no damage.
You hit the hornet zombie but do no damage.
Your kick misses the hornet zombie. The hornet zombie barely misses you.
Your quasit bites the hornet zombie but does no damage.
Your quasit claws the hornet zombie but does no damage. x2
The hornet zombie hits you.
You take 4 damage, and have 20/41 hp.
You closely miss the hornet zombie.
Your quasit bites the hornet zombie.
Your quasit barely misses the hornet zombie.
Your quasit claws the hornet zombie but does no damage.
The hornet zombie hits you.
You take 2 damage, and have 18/41 hp.
You now have 3/11 mp.
You closely miss the hornet zombie.
You are feeling very hungry.
Your quasit bites the hornet zombie but does no damage.
Your quasit closely misses the hornet zombie.
Your quasit barely misses the hornet zombie.
The hornet zombie hits you.
Your quasit misses the hornet zombie.
Your quasit barely misses the hornet zombie. x2
You take 2 damage, and have 16/41 hp.
You barely miss the hornet zombie. The hornet zombie closely misses you.
Your quasit bites the hornet zombie.
Your quasit barely misses the hornet zombie.
Your quasit claws the hornet zombie but does no damage.
The hornet zombie hits you!
* * * LOW HITPOINT WARNING * * *
You take 5 damage, and have 11/41 hp.
You now have 2/11 mp.
You closely miss the hornet zombie.
You kick the hornet zombie, but do no damage.
Your quasit bites the hornet zombie.
Your quasit claws the hornet zombie.
Your quasit closely misses the hornet zombie.
The hornet zombie misses your quasit.
Your quasit bites the hornet zombie but does no damage.
Your quasit claws the hornet zombie but does no damage. x2
You hit the hornet zombie but do no damage.
You kick the hornet zombie, but do no damage.
The hornet zombie hits you.
* * * LOW HITPOINT WARNING * * *
Your quasit bites the hornet zombie.
Your quasit barely misses the hornet zombie.
Your quasit claws the hornet zombie.
The hornet zombie hits you!
* * * LOW HITPOINT WARNING * * *
You take 9 damage, and have 2/41 hp.
MASSIVE DAMAGE!!
You now have 0/11 mp.
Your quasit bites the hornet zombie.
Your quasit claws the hornet zombie but does no damage.
Your quasit claws the hornet zombie.
The hornet zombie misses your quasit.
Your quasit bites the hornet zombie but does no damage.
Your quasit claws the hornet zombie. x2; The hornet zombie hits your quasit.
Your quasit bites the hornet zombie but does no damage.
Your quasit closely misses the hornet zombie.
Your quasit claws the hornet zombie but does no damage.
You see here a shiny wooden ring.
Firing (i - inventory) No suitable missiles.
Aim: a hornet zombie (almost destroyed)
Okay, then.
Firing (i - inventory) No suitable missiles.
Aim: a hornet zombie (almost destroyed)
Okay, then.
Firing (i - inventory) No suitable missiles.
Aim: a hornet zombie (almost destroyed)
Okay, then.
Firing (i - inventory) No suitable missiles.
Aim: a hornet zombie (almost destroyed)
Okay, then.
Firing (i - inventory) No suitable missiles.
Aim: a hornet zombie (almost destroyed)
Okay, then.
n - a shiny wooden ring The hornet zombie hits your quasit.
Your quasit bites the hornet zombie.
Your quasit claws the hornet zombie.
Your quasit claws the hornet zombie but does no damage.
The hornet zombie hits your quasit but does no damage.
Your quasit disappears in a puff of smoke!
The hornet zombie closely misses you. The hornet zombie closely misses you.
As you read the scroll of fog, it crumbles to dust.
The scroll dissolves into smoke.
The hornet zombie hits you!
You die...

#... #..# #.. #..# #$#
#..# #.#
####..###.##+####
#.....##........#
#.###.##........#
#.###.##§§......# ###
#.#..§§@Z§......# ######
..# #.#.#§§§§...###.#
#....# #.# #.#.#####§.⌠#
.# #..... #.## #.#
...∩.....# #.....
...#####.#.#######⌠.⌠####
#.....
#........#.......#####
#..... ..######.#######.#
#######..... #.# ###.#
#........... #.# #...#
#.##########


You could see a hornet zombie.

Vanquished Creatures
  2 worker ants (D:6)
  A worker ant zombie (D:3)
  5 adders
  2 oozes (D:3)
  A worm (D:3)
  3 dart slugs
  3 leopard geckos (D:1)
  3 orcs
  2 ball pythons
  5 bats
  A giant cockroach (D:3)
  2 goblins
  7 hobgoblins
  2 jackals (D:1)
  13 kobolds
  2 quokkas
  2 frilled lizards
  6 rats
62 creatures vanquished.

Vanquished Creatures (collateral kills)
  A black bear (D:6)
  An ogre (D:6)
  A scorpion (D:6)
  2 crimson imps (D:6)
  2 orc wizards (D:6)
7 creatures vanquished.

Grand Total: 69 creatures vanquished

Notes
Turn   | Place    | Note
-------+----------+-------------------------------------------
     0 | D:1      | alrianne the Demonspawn Necromancer began the quest for the
                  | Orb.
     0 | D:1      | Reached XP level 1. HP: 13/13 MP: 3/3
    14 | D:1      | Learned a level 1 spell: Animate Skeleton
   199 | D:1      | Reached skill level 2 in Stealth
   199 | D:1      | Gained mutation: You are partially covered in thin metallic
                  | scales. (AC +2) [demonic ancestry]
   199 | D:1      | Reached XP level 2. HP: 7/19 MP: 0/5
   202 | D:1      | HP: 4/19 [ball python (2)]
   203 | D:1      | Reached skill level 2 in Dodging
  1089 | D:1      | HP: 4/19 [dart slug/slug dart (5)]
  1417 | D:1      | Gained mutation: A weak demonic guardian rushes to your
                  | aid. [demonic ancestry]
  1417 | D:1      | Reached XP level 3. HP: 21/24 MP: 1/6
  2052 | D:2      | Reached skill level 5 in Necromancy
  2396 | D:2      | Gained mutation: You have large cloven feet. [demonic
                  | ancestry]
  2396 | D:2      | Reached XP level 4. HP: 28/30 MP: 4/7
  2401 | D:2      | Learned a level 3 spell: Vampiric Draining
  2405 | D:2      | Learned a level 3 spell: Regeneration
  3232 | D:3      | You fall into a shaft and drop 3 floors!
  3250 | D:6      | Gained mutation: You are mostly covered in thin metallic
                  | scales. (AC +3) [demonic ancestry]
  3250 | D:6      | Reached XP level 5. HP: 22/35 MP: 0/9
  3263 | D:6      | Noticed an ogre
  3273 | D:6      | Killed an ogre
  3273 | D:6      | Reached skill level 3 in Stealth
  3273 | D:6      | Reached skill level 3 in Spellcasting
  3281 | D:6      | Reached skill level 6 in Necromancy
  3284 | D:6      | HP: 7/35 [orc wizard/+0 dagger (3)]
  3298 | D:6      | HP: 7/35 [scorpion (2)]
  3301 | D:6      | Reached skill level 3 in Dodging
  3301 | D:6      | Gained mutation: When hurt, damage is shared between your
                  | health and your magic reserves. [demonic ancestry]
  3301 | D:6      | Reached XP level 6. HP: 8/41 MP: 3/10
  3308 | D:6      | HP: 8/41 [crimson imp (1)]
  3320 | D:6      | HP: 9/41 [crimson imp (1)]
  3328 | D:6      | HP: 9/41 [crimson imp (1)]
  3344 | D:6      | HP: 10/41 [crimson imp (1)]
  3882 | D:6      | Found Witeluif's Distillery.
  3911 | D:6      | HP: 8/41 [hornet zombie (3)]
  3911 | D:6      | HP: 2/41 [hornet zombie (6)]
  3921 | D:6      | Slain by a hornet zombie

Levels and vault maps discovered:
D:1:      dpeg_arrival_tiny_c, layout_loops_corners
D:2:      layout_loops_ring, first_ration
D:3:      layout_rooms
D:6:      layout_basic, serial_shops, shop_fountains, minmay_diced_spiral

Skill      XL: |  1  2  3  4  5 |
---------------+----------------+-----
Stealth        | 2 3 |  3.5
Dodging        | 2 3 |  3.3
Necromancy     | 5 6 |  6.6
Spellcasting   | 3 |  3.4

Action                   |  1- 3 |  4- 6 || total
-------------------------+-------+-------++-------
Melee: Whip              |     9 |    83 ||    92
       Kick              |       |    20 ||    20
 Cast: Pain              |    78 |    52 ||   130
       Animate Skeleton  |     5 |       ||     5
       Vampiric Draining |       |    16 ||    16
  Use: Scroll            |     2 |     7 ||     9
  Eat: Chunk             |     5 |     6 ||    11
Armor: Robe              |     8 |    30 ||    38
Dodge: Dodged            |     7 |    52 ||    59
       Deflected         |       |     1 ||     1

Table legend:
 A = Non-vault XP
 B = Vault XP
 C = Vault XP percentage of total XP
 D = Non-vault monster count
 E = Vault monster count
 F = Vault count percentage of total count
                 A         B        C        D         E       F
            +---------+---------+-------+---------+---------+-------
      Total |     604 |      48 |   7.4 |      67 |       2 |   2.9
            +---------+---------+-------+---------+---------+-------
        D:1 |      56 |       0 |   0.0 |      30 |       0 |   0.0
        D:2 |      47 |       0 |   0.0 |      15 |       0 |   0.0
        D:3 |      63 |       0 |   0.0 |      12 |       0 |   0.0
        D:6 |     438 |      48 |   9.9 |      10 |       2 |  16.7
            +---------+---------+-------+---------+---------+-------

Levels and vault maps discovered:
D:1:      dpeg_arrival_tiny_c, layout_loops_corners
D:2:      layout_loops_ring, first_ration
D:3:      layout_rooms
D:6:      layout_basic, serial_shops, shop_fountains, minmay_diced_spiral

Table legend:
 A = Turns spent in this place as a percentage of turns spent in the entire game.
 B = Non-inter-level travel turns spent in this place as a percentage of non-inter-level travel turns spent in the entire game.
 C = Inter-level travel turns spent in this place as a percentage of turns spent in this place.
 D = Turns resting spent in this place as a percentage of non-inter-level travel turns spent in this place.
 E = Turns spent auto-exploring this place as a percentage of non-inter-level travel turns spent in this place.
 F = Non-inter-level travel turns spent in this place divided by the number of levels of this place that you've seen.
                   A       B       C       D       E      F
               +-------+-------+-------+-------+-------+----------------------
         Total | 100.0 | 100.0 |   0.6 |  43.2 |  41.7 | 974.8
       Dungeon | 100.0 | 100.0 |   0.6 |  43.2 |  41.7 | 974.8
               +-------+-------+-------+-------+-------+----------------------

Table legend:
 A = Kills in this place as a percentage of kills in entire the game.
 B = Kills by you in this place as a percentage of kills by you in the entire game.
 C = Kills by friends in this place as a percentage of kills by friends in the entire game.
 D = Other kills in this place as a percentage of other kills in the entire game.
 E = Experience gained in this place as a percentage of experience gained in the entire game.
 F = Experience gained in this place divided by the number of levels of this place that you have seen.
                   A       B       C       D       E      F
               +-------+-------+-------+-------+-------+----------------------
         Total | 100.0 | 100.0 | 100.0 |   N/A | 100.0 | 163.0
       Dungeon | 100.0 | 100.0 | 100.0 |   N/A | 100.0 | 163.0
               +-------+-------+-------+-------+-------+----------------------
